 Dungeon Crawl Stone Soup version 0.28.0-49-g6dfe1f597d (webtiles) character file.

Game seed: 12583354628143340757

23 styxcanada the Sneak (level 2, -1/15 HPs)
             Began as a Spriggan Brigand on May 13, 2022.
             Slain by a gnoll
             ... wielding a +0 whip
              (7 damage)
             ... on level 1 of the Dungeon on May 14, 2022.
             The game lasted 00:04:12 (906 turns).

styxcanada the Sneak (Spriggan Brigand)              Turns: 906, Time: 00:04:13

Health: -1/15      AC:  3    Str:  7    XL:     2   Next: 72%
Magic:  3/3        EV: 17    Int: 12    God:
Gold:   55         SH:  0    Dex: 16    Spells: 1/1 levels left

rFire   . . .      SeeInvis +   a - +2 dagger
rCold   . . .      Faith    .   (no shield)
rNeg    . . .      Spirit   .   b - +0 robe
rPois   .          Reflect  .   (helmet restricted)
rElec   .          Harm     .   c - +0 cloak
rCorr   .          Rampage  .   (gloves unavailable)
Will    .....                   (boots unavailable)
Stlth   +++.......              (no amulet)
HPRegen 0.05/turn               (no ring)
MPRegen 0.08/turn               (no ring)

@: very quick
A: very small, no large weapons, unfitting armour, see invisible, speed 3
a: no special abilities


You were on level 1 of the Dungeon.
You visited 1 branch of the dungeon, and saw 1 of its levels.

You collected 55 gold pieces.

Inventory:

Hand Weapons
 a - a +2 dagger (weapon)
Missiles
 d - 6 poisoned darts (quivered)
 e - 2 curare-tipped darts
Armour
 b - a +0 robe (worn)
 c - a +0 cloak (worn)
Scrolls
 f - 2 scrolls of identify {unknown}
Potions
 g - a potion of curing {unknown}
 h - a potion of degeneration {unknown}


   Skills:
 * Level 1.7 Fighting
 + Level 2.2 Short Blades
 + Level 2.1 Throwing
 * Level 1.9 Dodging
 * Level 6.8 Stealth


You had one spell level left.
You didn't know any spells.
Your spell library was empty.

Dungeon Overview and Level Annotations

Branches:
Dungeon (1/15)

Altars:


Innate Abilities, Weirdness & Mutations

You are very small and have problems with some larger weapons.
You are too small for most types of armour.
You have supernaturally acute eyesight. (SInv)
You cover ground extremely quickly. (Speed+++)


Message History

There is an open door here.
You open the door.
There is an open door here.
You open the door.
There is an open door here.
There is an open door here.
There is an open door here.
Found a pair of gloves.
You see here a +0 pair of gloves.
An endoplasm comes into view.
The helpless endoplasm fails to defend itself.
You spit the endoplasm like a pig!!!
You kill the endoplasm!
You see here a +0 pair of gloves.
There is an open door here.
A gnoll is nearby!
Throw: 7 darts (poison)
Press: ? - help, Q - select action, (/) - cycle Shift-Dir - straight line, f - gnoll
Aim: a gnoll, wielding a +0 whip (wandering, hasn't noticed you, 64% to hit)
You throw a poisoned dart.
The poisoned dart closely misses the gnoll.
You barely miss the gnoll. The gnoll barely misses you.
You hit the gnoll. You punch the gnoll.
The gnoll is heavily wounded.
The gnoll hits you with a +0 whip!
You hit the gnoll.
The gnoll is heavily wounded.
The gnoll closely misses you.
You hit the gnoll.
The gnoll is severely wounded.
The gnoll hits you with a +0 whip.
You hit the gnoll.
The gnoll is severely wounded.
The gnoll misses you.
You closely miss the gnoll.
The gnoll is severely wounded.
You barely miss the gnoll.
The gnoll is severely wounded.
The gnoll hits you with a +0 whip!
You die...

#..........>............)...
#......#.#######.........###
##'#...........'.........#
#.#.###.#######.†.......###
#.#.# #.##### #............
#.#.# #.....###........####
#.#.# #.........#####.#....
#.#.# #.........# #.#.###
#.#.# #...@.....# #.#.#..
#.#.# #.##g.....# #.#)#.#
#.#.# #.##......### #.#.###
#.#.# #..'......'.# #.#....
#.#.######......#.###......
#.#..........(......'......
#.###############'###......
#.# #....####.#.. #.# #....#
#.#..


You could see a gnoll.

Vanquished Creatures
  4 ball pythons (D:1)
  A bat (D:1)
  4 endoplasms (D:1)
  3 giant cockroaches (D:1)
  3 hobgoblins (D:1)
  2 kobolds (D:1)
  A rat (D:1)
18 creatures vanquished.

Notes
Turn   | Place    | Note
-------+----------+-------------------------------------------
     0 | D:1      | styxcanada the Spriggan Brigand began the quest for the
                  | Orb.
     0 | D:1      | Reached XP level 1. HP: 10/10 MP: 2/2
    24 | D:1      | Found a faded altar of an unknown god.
    97 | D:1      | Reached skill level 6 in Stealth
   209 | D:1      | Reached XP level 2. HP: 15/15 MP: 3/3
   906 | D:1      | Slain by a gnoll

Illustrated notes

Levels and vault maps discovered:
D:1:      dpeg_arrival_short_road, layout_basic, shapermc_ecumenical_altar_petra

Skill      XL: |  1 |
---------------+----+-----
Stealth        | 6 |  6.8
Fighting       | |  1.7
Short Blades   | |  2.2
Throwing       | |  2.1
Dodging        | |  1.9

Action                   || total
-------------------------++-------
Melee: Dagger            ||    33
       Punch             ||     1
Throw: Dart              ||    11
 Stab: Sleeping          ||     8
Armor: Robe              ||     2
Dodge: Dodged            ||    22
